 Dungeon Crawl Stone Soup version 0.27.1-33-g824d729ab1 (webtiles) character file.

Game seed: 616615616363124842

21 lonewolfV2 the Ducker (level 2, -3/22 HPs)
             Began as a Demonspawn Gladiator on Dec 14, 2021.
             Slain by a worm (9 damage)
             ... on level 2 of the Dungeon.
             The game lasted 00:01:02 (877 turns).

lonewolfV2 the Ducker (Demonspawn Gladiator)         Turns: 877, Time: 00:01:02

Health: -3/22      AC:  4    Str: 14    XL:     2   Next: 62%
Magic:  2/2        EV:  7    Int:  9    God:
Gold:   46         SH: 10    Dex: 16    Spells: 1/1 levels left

rFire    . . .     SeeInvis .   a - +0 long sword
rCold    . . .     Faith    .   f - +0 tower shield
rNeg     . . .     Spirit   .   b - +0 leather armour
rPois    .         Reflect  .   c - +0 helmet
rElec    .         Harm     .   (no cloak)
rCorr    .         Rampage  .   (no gloves)
Will     .....                  (no boots)
Stlth    ++........             (no amulet)
HPRegen  0.07/turn              (no ring)
MPRegen  0.08/turn              (no ring)

@: no status effects
A: thin skeletal structure 1
a: no special abilities


You were on level 2 of the Dungeon.
You visited 1 branch of the dungeon, and saw 2 of its levels.

You collected 46 gold pieces.

Inventory:

Hand Weapons
 a - a +0 long sword (weapon)
Missiles
 d - 3 throwing nets (quivered)
Armour
 b - a +0 leather armour (worn)
 c - a +0 helmet (worn)
 f - a +0 tower shield (worn)
Potions
 e - 2 potions of degeneration {unknown}
 h - 2 potions of ambrosia {unknown}


   Skills:
 + Level 2.1 Fighting
 + Level 3.0 Long Blades
 + Level 2.0 Throwing
 + Level 0.4 Armour
 + Level 3.0 Dodging


You had one spell level left.
You didn't know any spells.
Your spell library was empty.

Dungeon Overview and Level Annotations

Branches:
Dungeon (2/15)

Altars:


Innate Abilities, Weirdness & Mutations

You have a somewhat thin skeletal structure. (Dex +2, Stealth+)


Message History

An endoplasm comes into view.
The helpless adder fails to defend itself.
You hit the adder.
The adder is heavily wounded.
You block the adder's attack. x2; The adder bites you.
You slash the adder!
You kill the adder!
The endoplasm quivers.
The endoplasm jiggles.
Your Long Blades skill increases to level 3!
Your Throwing skill increases to level 2!
Your Dodging skill increases to level 3!
You see here an adder corpse.
You hit the endoplasm.
The endoplasm is severely wounded.
The endoplasm freezes you.
You are frozen.
The endoplasm hits you but does no damage.
You slash the endoplasm!
You kill the endoplasm!
HP restored.
You see here an adder corpse.
There is a stone staircase leading down here.
Found a sedimented silvery potion.
A worm comes into view.
Found a scroll of blinking.
A worm is nearby!
You slash the worm!
The worm is heavily wounded.
The worm bites you!
You hit the worm.
The worm is heavily wounded.
You block the worm's attack. The worm bites you!
* * * LOW HITPOINT WARNING * * *
You hit the worm but do no damage.
The worm is heavily wounded.
You block the worm's attack.
You hit the worm.
The worm is severely wounded.
The worm bites you!
You die...

#......# .
#....?.# #.
#......# #.#
#......#
#..###......#
#..##....#
###..##....# .#
#......@w..# #.
#....#.#+### .#
#......#.# ..##
##+#.###.# ##....
#...#.#####....
#.##..#.#.....#
#.....#.#.#<..#
###.#.#.#.##.####
#.#.....##....#


You could see a worm.

Vanquished Creatures
  An adder (D:2)
  An endoplasm (D:2)
  A hobgoblin (D:1)
  4 kobolds (D:1)
  A quokka (D:1)
  2 ball pythons (D:1)
  A frilled lizard (D:1)
11 creatures vanquished.

Notes
Turn   | Place    | Note
-------+----------+-------------------------------------------
     0 | D:1      | lonewolfV2 the Demonspawn Gladiator began the quest for the
                  | Orb.
     0 | D:1      | Reached XP level 1. HP: 16/16 MP: 1/1
   297 | D:1      | Gained mutation: You have a somewhat thin skeletal
                  | structure. (Dex +2, Stealth+) [demonic ancestry]
   297 | D:1      | Reached XP level 2. HP: 11/22 MP: 2/2
   877 | D:2      | Slain by a worm

Illustrated notes

Levels and vault maps discovered:
D:1:      giann_wishing_wells, layout_rooms
D:2:      minmay_spotlight, layout_basic, guppyfry_early_orc_mine, uniq_terence

Skill      XL: |  1  2 |
---------------+-------+-----
Long Blades    | 3 |  3.0
Throwing       | 2 |  2.0
Dodging        | 3 |  3.0
Fighting       | |  2.1
Armour         | |  0.4

Action                   || total
-------------------------++-------
Melee: Long sword        ||    34
  Use: Scroll            ||     1
 Stab: Sleeping          ||     1
Armor: Leather armour    ||    11
Dodge: Dodged            ||    27
Block: Tower shield      ||    10
       Rpst.: Long sword ||     6
